 Dungeon Crawl Stone Soup version 0.21.1-1-g345015f (webtiles) character file.

1640 tidbits the Insei (level 8, -1/61 HPs)
             Began as a Gnoll Transmuter on Feb 13, 2018.
             Slain by Britaniac's ghost (5 damage)
             ... on level 7 of the Dungeon.
             The game lasted 00:17:42 (1641 turns).

tidbits the Insei (Gnoll Transmuter)                Turns: 1641, Time: 00:17:42

Health: -1/61      AC:  8    Str: 14    XL:     8   Next: 99%
Magic:  17/17      EV: 16    Int: 17    God:
Gold:   75         SH:  0    Dex: 15    Spells: 13/19 levels left

rFire    . . .     SeeInvis .   w - +0 dagger
rCold    + . .     Gourm    .   (no shield)
rNeg     . . .     Faith    .   B - +2 robe {rC+}
rPois    .         Spirit   .   E - +2 helmet (curse)
rElec    .         Reflect  .   (no cloak)
rCorr    .         Harm     .   G - +0 pair of gloves
MR       .....                  (no boots)
Stlth    +++.......             (no amulet)
HPRegen  0.20/turn              (no ring)
MPRegen  0.15/turn              (no ring)

@: hasted, very quick
A: distributed training, fangs 1, strong nose
a: no special abilities


You were on level 7 of the Dungeon.
You were not hungry.

You visited 2 branches of the dungeon, and saw 8 of its levels.
You also visited: Ossuary.

You collected 191 gold pieces.
You spent 116 gold pieces at shops.

Inventory:

Hand Weapons
 a - a +1 morningstar
 f - a cursed +0 hunting sling
 s - a cursed -3 short sword
 w - a +0 dagger (weapon)
 y - a +2 trident of freezing
   (You took it off a wight on level 6 of the Dungeon)
 z - a +2 vampiric scimitar
   (You took it off a wight on level 6 of the Dungeon)
Missiles
 i - 14 tomahawks (quivered)
 u - 13 arrows
 A - 7 curare-tipped needles
Armour
 n - a cursed -1 robe
 x - a +0 robe
 B - a +2 robe of cold resistance (worn)
   (You took it off Pikel on level 6 of the Dungeon)
 E - a cursed +2 helmet (worn)
 G - a +0 pair of gloves (worn)
Wands
 g - a wand of iceblast (1)
 r - a wand of paralysis (4)
Scrolls
 b - 4 scrolls of teleportation
 o - 3 scrolls of amnesia
 v - a scroll of noise {unknown}
 C - a scroll of remove curse {unknown}
 D - a scroll of random uselessness {unknown}
Potions
 e - 2 potions of flight {unknown}
 h - a potion of curing
 j - a potion of haste
 k - a potion of berserk rage
 l - 3 potions of brilliance
 m - a potion of mutation {unknown}
 p - a potion of lignification {unknown}
 q - a potion of resistance {unknown}
Books
 c - a book of Changes

   Spells                             Type                      Level
   a - Beastly Appendage              Transmutation                1
   b - Sticks to Snakes               Transmutation                2
   c - Spider Form                    Transmutation/Poison         3
   d - Ice Form                       Ice/Transmutation            4
   e - Blade Hands                    Transmutation                5
Comestibles
 d - 10 rations


   Skills:
 + Level 4.5 Fighting
 + Level 3.6 Short Blades
 + Level 3.6 Long Blades
 + Level 3.6 Axes
 + Level 3.6 Maces & Flails
 + Level 3.6 Polearms
 + Level 3.6 Staves
 + Level 3.6 Slings
 + Level 3.6 Bows
 + Level 3.6 Crossbows
 + Level 3.6 Throwing
 + Level 3.6 Armour
 + Level 5.9 Dodging
 + Level 3.6 Stealth
 + Level 3.6 Shields
 + Level 7.6 Unarmed Combat
 + Level 6.2 Spellcasting
 + Level 3.0 Conjurations
 + Level 3.0 Hexes
 + Level 3.0 Charms
 + Level 3.0 Summonings
 + Level 3.0 Necromancy
 + Level 3.0 Translocations
 + Level 4.9 Transmutations
 + Level 3.0 Fire Magic
 + Level 3.0 Ice Magic
 + Level 3.0 Air Magic
 + Level 3.0 Earth Magic
 + Level 3.0 Poison Magic
 + Level 4.0 Invocations
 + Level 3.6 Evocations


You had 13 spell levels left.
You knew the following spells:

 Your Spells              Type           Power        Failure   Level  Hunger
e - Beastly Appendage     Tmut           ###...       1%          1    None
k - Sticks to Snakes      Tmut           ###.....     2%          2    None
p - Spider Form           Tmut/Pois      ###.......   8%          3    ##.....


Dungeon Overview and Level Annotations

Branches:
Dungeon (7/15)             Temple (1/1) D:6

Altars:
Ashenzari
Dithmenos
Gozag
Hepliaklqana
Makhleb
Nemelex Xobeh
Ru
Yredelemnul
Zin
The Shining One

Shops:
D:5 *

Annotations:
D:7 Britaniac's ghost, novice GrFi


Innate Abilities, Weirdness & Mutations

Your experience applies equally to all skills.
You have very sharp teeth.
Your uncanny sense of smell can sniff out nearby items.


Message History

Your +0 dagger melds into your body.
Your cursed +2 helmet melds into your body.
Your +0 pair of gloves melds into your body.
Your +2 robe of cold resistance melds into your body.
You feel less resistant to cold.
Britaniac's ghost (novice Gargoyle Fighter) comes into view.
Found a scroll labeled MAOFID RO KIOT.
The helpless worker ant fails to defend itself.
You bite the worker ant!
The worker ant is severely wounded.
Britaniac's ghost turns its malevolent gaze towards you.
The worker ant barely misses you.
A giant cockroach comes into view.
You hit the worker ant.
The worker ant is poisoned.
The worker ant is severely wounded.
You kill the worker ant!
You see here a worker ant corpse.
Your transformation is almost over.
You see here a scroll labeled MAOFID RO KIOT.
D - a scroll labeled MAOFID RO KIOT The giant cockroach waves its antennae.
Press: ? - help, v - describe, . - travel
Here: Britaniac's ghost The floor.
Your transformation has ended.
Your +0 dagger unmelds from your body.
Your cursed +2 helmet unmelds from your body.
Your +0 pair of gloves unmelds from your body.
Your +2 robe of cold resistance unmelds from your body.
You feel resistant to cold.
Evoke which item? (* to show all) (? for menu, Esc to quit)
Aiming: Paralyse
Press: ? - help, Shift-Dir - straight line, f - Britaniac's ghost
Aim: Britaniac's ghost (chance to defeat MR: 19%) Britaniac's ghost resists with almost no effort.
Evoke which item? (* to show all) (? for menu, Esc to quit)
Aiming: Paralyse
Press: ? - help, Shift-Dir - straight line, f/p - Britaniac's ghost
Aim: Britaniac's ghost (chance to defeat MR: 19%) Britaniac's ghost resists with almost no effort.
Evoke which item? (* to show all) (? for menu, Esc to quit)
Aiming: Paralyse
Press: ? - help, Shift-Dir - straight line, f/p - Britaniac's ghost
Aim: Britaniac's ghost (chance to defeat MR: 19%) Britaniac's ghost resists with almost no effort.
The giant cockroach misses you. Britaniac's ghost hits you!
Evoke which item? (* to show all) (? for menu, Esc to quit)
Aiming: Paralyse
Press: ? - help, Shift-Dir - straight line, f/p - Britaniac's ghost
Aim: Britaniac's ghost (chance to defeat MR: 19%) Britaniac's ghost resists with almost no effort.
The giant cockroach completely misses you.
Britaniac's ghost hits you but does no damage.
Evoke which item? (* to show all) (? for menu, Esc to quit)
Aiming: Paralyse
Press: ? - help, Shift-Dir - straight line, f/p - Britaniac's ghost
Aim: Britaniac's ghost (chance to defeat MR: 19%) Britaniac's ghost resists with almost no effort.
The giant cockroach barely misses you. Britaniac's ghost misses you.
The giant cockroach misses you.
Evoke which item? (* to show all) (? for menu, Esc to quit)
Aiming: Paralyse
Press: ? - help, Shift-Dir - straight line, f/p - Britaniac's ghost
Aim: Britaniac's ghost (chance to defeat MR: 19%) Britaniac's ghost resists with almost no effort.
Britaniac's ghost hits you but does no damage.
The giant cockroach misses you.
Evoke which item? (* to show all) (? for menu, Esc to quit)
Aiming: Paralyse
Press: ? - help, Shift-Dir - straight line, f/p - Britaniac's ghost
Aim: Britaniac's ghost (chance to defeat MR: 19%) Britaniac's ghost resists with almost no effort.
Britaniac's ghost hits you!!
* * * LOW HITPOINT WARNING * * *
The giant cockroach misses you.
Evoke which item? (* to show all) (? for menu, Esc to quit)
Aiming: Paralyse
Press: ? - help, Shift-Dir - straight line, f/p - Britaniac's ghost
Aim: Britaniac's ghost (chance to defeat MR: 19%) Britaniac's ghost resists with almost no effort.
The giant cockroach misses you. Britaniac's ghost hits you!
* * * LOW HITPOINT WARNING * * *
Evoke which item? (* to show all) (? for menu, Esc to quit)
Aiming: Paralyse
Press: ? - help, Shift-Dir - straight line, f/p - Britaniac's ghost
Aim: Britaniac's ghost (chance to defeat MR: 19%) Britaniac's ghost resists with almost no effort.
The giant cockroach bites you.
* * * LOW HITPOINT WARNING * * *
Britaniac's ghost barely misses you.
As you read the scroll labeled WARAFA NUSTIBU, it crumbles to dust.
It is a scroll of enchant weapon.
Your morningstar glows red for a moment.
The giant cockroach misses you. Britaniac's ghost hits you.
* * * LOW HITPOINT WARNING * * *
The giant cockroach bites you but does no damage.
The giant cockroach bites you.
* * * LOW HITPOINT WARNING * * *
You feel yourself speed up. Britaniac's ghost hits you.
You die...

..........#.....##......######
.............................#
.....#.........###...#.######
.....#.........###...#.#
.....#.................#
#.....................#
'#...#....................#
.......#.....sW..###.#.#.####
..............@..# #.#.#.#
......##...##....###.#.#.#
.......................... ∆
...................###.#.#.#
...#....##....#....#
..............#....#
.#...................
........).............
........##....#..#.###


You could see Britaniac's ghost and a giant cockroach.

Vanquished Creatures
  Pikel (D:6)
  A black bear (D:6)
  A phantom (D:7)
  3 slaves (D:6)
  An ogre (D:5)
  A centaur (D:5)
  A bullfrog (D:7)
  4 wights (D:6)
  A bullfrog skeleton (D:4)
  2 hounds (D:6)
  An iguana (D:4)
  An iron imp (D:5)
  4 worker ants
  3 big kobold zombies (Ossuary)
  4 mummies (Ossuary)
  5 gnolls (D:7)
  An adder (D:6)
  A worm (D:5)
  2 leopard geckos
  5 orcs
  4 bats
  A goblin (D:3)
  A kobold (D:2)
  2 frilled lizards
  A goblin skeleton (D:5)
  2 goblin zombies (D:5)
  2 hobgoblin zombies
  3 jackal zombies (Ossuary)
  A kobold skeleton (D:5)
  2 orc skeletons (D:5)
  2 rats
  A rat zombie (Ossuary)
65 creatures vanquished.

Vanquished Creatures (collateral kills)
  2 ogres (D:7)
  A slave (D:6)
  A wight (D:6)
  A big kobold zombie (Ossuary)
  3 gnolls (D:7)
  2 adder zombies (Ossuary)
  A kobold zombie (D:5)
  An orc skeleton (D:5)
  2 orc zombies (D:5)
  A rat zombie (Ossuary)
15 creatures vanquished.

Grand Total: 80 creatures vanquished

Notes
Turn   | Place    | Note
-------+----------+-------------------------------------------
     0 | D:1      | tidbits the Gnoll Transmuter began the quest for the Orb.
     0 | D:1      | Reached XP level 1. HP: 17/17 MP: 6/6
   249 | D:3      | Noticed a worker ant
   263 | D:3      | Reached XP level 2. HP: 21/23 MP: 5/7
   276 | D:2      | Learned a level 2 spell: Sticks to Snakes
   322 | D:3      | Reached skill level 5 in Spellcasting
   322 | D:3      | Reached XP level 3. HP: 27/28 MP: 4/9
   327 | D:3      | Learned a level 3 spell: Spider Form
   357 | D:4      | Reached skill level 1 in Short Blades
   357 | D:4      | Reached skill level 1 in Long Blades
   357 | D:4      | Reached skill level 1 in Axes
   357 | D:4      | Reached skill level 1 in Maces & Flails
   357 | D:4      | Reached skill level 1 in Polearms
   357 | D:4      | Reached skill level 1 in Staves
   357 | D:4      | Reached skill level 1 in Slings
   357 | D:4      | Reached skill level 1 in Bows
   357 | D:4      | Reached skill level 1 in Crossbows
   357 | D:4      | Reached skill level 1 in Throwing
   357 | D:4      | Reached skill level 1 in Armour
   357 | D:4      | Reached skill level 1 in Stealth
   357 | D:4      | Reached skill level 1 in Shields
   357 | D:4      | Reached skill level 1 in Invocations
   357 | D:4      | Reached skill level 1 in Evocations
   441 | D:4      | Reached XP level 4. HP: 34/34 MP: 4/11
   510 | D:4      | Reached skill level 1 in Conjurations
   510 | D:4      | Reached skill level 1 in Hexes
   510 | D:4      | Reached skill level 1 in Charms
   510 | D:4      | Reached skill level 1 in Summonings
   510 | D:4      | Reached skill level 1 in Necromancy
   510 | D:4      | Reached skill level 1 in Translocations
   510 | D:4      | Reached skill level 1 in Fire Magic
   510 | D:4      | Reached skill level 1 in Ice Magic
   510 | D:4      | Reached skill level 1 in Air Magic
   510 | D:4      | Reached skill level 1 in Earth Magic
   510 | D:4      | Reached skill level 1 in Poison Magic
   518 | D:5      | Entered Level 5 of the Dungeon
   556 | D:4      | Found a sand-covered staircase.
   566 | Ossuary  | Entered an ossuary
   577 | Ossuary  | Reached XP level 5. HP: 37/40 MP: 3/12
   609 | Ossuary  | Reached skill level 3 in Fighting
   609 | Ossuary  | Reached skill level 4 in Transmutations
   806 | D:5      | Found Qerphec's Assorted Antiques.
   814 | D:5      | Bought a murky purple potion for 18 gold pieces
   814 | D:5      | Bought a metallic grey potion for 18 gold pieces
   814 | D:5      | Bought a bronze wand for 80 gold pieces
   857 | D:5      | Noticed a centaur
   890 | D:5      | Reached XP level 6. HP: 38/47 MP: 7/13
  1007 | D:5      | Reached skill level 2 in Invocations
  1011 | D:5      | Found a glowing golden altar of the Shining One.
  1027 | D:5      | Reached skill level 2 in Short Blades
  1027 | D:5      | Reached skill level 2 in Long Blades
  1027 | D:5      | Reached skill level 2 in Axes
  1027 | D:5      | Reached skill level 2 in Maces & Flails
  1027 | D:5      | Reached skill level 2 in Polearms
  1027 | D:5      | Reached skill level 2 in Staves
  1027 | D:5      | Reached skill level 2 in Slings
  1027 | D:5      | Reached skill level 2 in Bows
  1027 | D:5      | Reached skill level 2 in Crossbows
  1027 | D:5      | Reached skill level 2 in Throwing
  1027 | D:5      | Reached skill level 2 in Armour
  1027 | D:5      | Reached skill level 5 in Dodging
  1027 | D:5      | Reached skill level 2 in Stealth
  1027 | D:5      | Reached skill level 2 in Shields
  1027 | D:5      | Reached skill level 2 in Evocations
  1094 | D:5      | Reached XP level 7. HP: 50/52 MP: 6/15
  1199 | D:6      | Noticed Pikel
  1206 | D:6      | Killed Pikel
  1206 | D:6      | Reached skill level 7 in Unarmed Combat
  1206 | D:6      | Reached skill level 2 in Conjurations
  1206 | D:6      | Reached skill level 2 in Hexes
  1206 | D:6      | Reached skill level 2 in Charms
  1206 | D:6      | Reached skill level 2 in Summonings
  1206 | D:6      | Reached skill level 2 in Necromancy
  1206 | D:6      | Reached skill level 2 in Translocations
  1206 | D:6      | Reached skill level 2 in Fire Magic
  1206 | D:6      | Reached skill level 2 in Ice Magic
  1206 | D:6      | Reached skill level 2 in Air Magic
  1206 | D:6      | Reached skill level 2 in Earth Magic
  1206 | D:6      | Reached skill level 2 in Poison Magic
  1206 | D:6      | Reached skill level 3 in Invocations
  1206 | D:6      | Reached XP level 8. HP: 60/60 MP: 12/16
  1218 | D:6      | Reached skill level 4 in Fighting
  1218 | D:6      | Reached skill level 3 in Short Blades
  1218 | D:6      | Reached skill level 3 in Long Blades
  1218 | D:6      | Reached skill level 3 in Axes
  1218 | D:6      | Reached skill level 3 in Maces & Flails
  1218 | D:6      | Reached skill level 3 in Polearms
  1218 | D:6      | Reached skill level 3 in Staves
  1218 | D:6      | Reached skill level 3 in Slings
  1218 | D:6      | Reached skill level 3 in Bows
  1218 | D:6      | Reached skill level 3 in Crossbows
  1218 | D:6      | Reached skill level 3 in Throwing
  1218 | D:6      | Reached skill level 3 in Armour
  1218 | D:6      | Reached skill level 3 in Stealth
  1218 | D:6      | Reached skill level 3 in Shields
  1218 | D:6      | Reached skill level 3 in Evocations
  1332 | D:6      | Reached skill level 6 in Spellcasting
  1357 | D:6      | Found a staircase to the Ecumenical Temple.
  1365 | Temple   | Entered the Ecumenical Temple
  1597 | D:7      | Reached skill level 3 in Conjurations
  1597 | D:7      | Reached skill level 3 in Hexes
  1597 | D:7      | Reached skill level 3 in Charms
  1597 | D:7      | Reached skill level 3 in Summonings
  1597 | D:7      | Reached skill level 3 in Necromancy
  1597 | D:7      | Reached skill level 3 in Translocations
  1597 | D:7      | Reached skill level 3 in Fire Magic
  1597 | D:7      | Reached skill level 3 in Ice Magic
  1597 | D:7      | Reached skill level 3 in Air Magic
  1597 | D:7      | Reached skill level 3 in Earth Magic
  1597 | D:7      | Reached skill level 3 in Poison Magic
  1597 | D:7      | Reached skill level 4 in Invocations
  1610 | D:7      | Noticed Britaniac's ghost (novice GrFi)
  1634 | D:7      | HP: 4/61 [Britaniac's ghost (6)]
  1640 | D:7      | HP: 4/61 [giant cockroach (1)]
  1641 | D:7      | Slain by Britaniac's ghost

Skill      XL: |  1  2  3  4  5  6  7  8 |
---------------+-------------------------+-----
Spellcasting   | 5 6 |  6.2
Short Blades   | 1 2 3 |  3.6
Long Blades    | 1 2 3 |  3.6
Axes           | 1 2 3 |  3.6
Maces & Flails | 1 2 3 |  3.6
Polearms       | 1 2 3 |  3.6
Staves         | 1 2 3 |  3.6
Slings         | 1 2 3 |  3.6
Bows           | 1 2 3 |  3.6
Crossbows      | 1 2 3 |  3.6
Throwing       | 1 2 3 |  3.6
Armour         | 1 2 3 |  3.6
Stealth        | 1 2 3 |  3.6
Shields        | 1 2 3 |  3.6
Invocations    | 1 2 3 4 |  4.0
Evocations     | 1 2 3 |  3.6
Conjurations   | 1 2 3 |  3.0
Hexes          | 1 2 3 |  3.0
Charms         | 1 2 3 |  3.0
Summonings     | 1 2 3 |  3.0
Necromancy     | 1 2 3 |  3.0
Translocations | 1 2 3 |  3.0
Fire Magic     | 1 2 3 |  3.0
Ice Magic      | 1 2 3 |  3.0
Air Magic      | 1 2 3 |  3.0
Earth Magic    | 1 2 3 |  3.0
Poison Magic   | 1 2 3 |  3.0
Fighting       | 3 4 |  4.5
Transmutations | 4 |  4.9
Dodging        | 5 |  5.9
Unarmed Combat | 7 |  7.6

Action                   |  1- 3 |  4- 6 |  7- 9 || total
-------------------------+-------+-------+-------++-------
Melee: Unarmed           |    37 |    93 |    79 ||   209
       Kick              |     7 |     1 |       ||     8
       Bite              |     2 |     1 |       ||     3
       Headbutt          |     1 |       |       ||     1
 Cast: Beastly Appendage |    11 |     1 |       ||    12
       Sticks to Snakes  |     3 |    11 |    11 ||    25
       Spider Form       |     1 |    10 |    10 ||    21
 Abil: End Transformatio |       |     1 |     1 ||     2
Evoke: Wand              |       |       |    12 ||    12
  Use: Scroll            |     3 |     4 |     4 ||    11
       Potion            |       |     1 |     1 ||     2
 Stab: Sleeping          |     1 |     2 |     2 ||     5
       Distracted        |       |     3 |     2 ||     5
  Eat: Ration            |     2 |       |       ||     2
Armor: Robe              |     7 |     1 |     3 ||    11
       Skin              |       |    10 |     3 ||    13
Dodge: Dodged            |    31 |   160 |    85 ||   276

Table legend:
 A = Turns spent in this place as a percentage of turns spent in the entire game.
 B = Non-inter-level travel turns spent in this place as a percentage of non-inter-level travel turns spent in the entire game.
 C = Inter-level travel turns spent in this place as a percentage of turns spent in this place.
 D = Turns resting spent in this place as a percentage of non-inter-level travel turns spent in this place.
 E = Turns spent auto-exploring this place as a percentage of non-inter-level travel turns spent in this place.
 F = Non-inter-level travel turns spent in this place divided by the number of levels of this place that you've seen.
                   A       B       C       D       E      F
               +-------+-------+-------+-------+-------+----------------------
         Total | 100.0 | 100.0 |   0.9 |   0.0 |   0.0 | 180.8
       Dungeon |  84.2 |  84.9 |   0.0 |   0.0 |   0.0 | 197.3
        Temple |   3.7 |   2.8 |  23.3 |   0.0 |   0.0 |  46.0
       Ossuary |  12.2 |  12.3 |   0.0 |   0.0 |   0.0 | 200.0
               +-------+-------+-------+-------+-------+----------------------

Table legend:
 A = Kills in this place as a percentage of kills in entire the game.
 B = Kills by you in this place as a percentage of kills by you in the entire game.
 C = Kills by friends in this place as a percentage of kills by friends in the entire game.
 D = Other kills in this place as a percentage of other kills in the entire game.
 E = Experience gained in this place as a percentage of experience gained in the entire game.
 F = Experience gained in this place divided by the number of levels of this place that you have seen.
                   A       B       C       D       E      F
               +-------+-------+-------+-------+-------+----------------------
         Total | 100.0 | 100.0 | 100.0 |   N/A | 100.0 | 260.4
       Dungeon |  78.9 |  80.6 |  71.4 |   N/A |  93.3 | 312.4
       Ossuary |  21.1 |  19.4 |  28.6 |   N/A |   6.7 | 157.0
               +-------+-------+-------+-------+-------+----------------------

Vault maps used:
D:1:      eino_arrival_druids_welcome
D:2:      chequers_ecumenical_altar_lobes
D:3:      lemuel_round_altar, grunt_temple_overflow_open, first_ration
D:4:      serial_glass, glass_columns_a, glass_columns_b,
          chequers_ossuary_entry_cave, uniq_duvessa
D:5:      serial_shops, nicolae_shop_overgrown_old_shop,
          nicolae_tso_besieged_by_evil
D:6:      kennysheep_housing_project, temple_doors_e, uniq_pikel
Temple:   compressed_dpeg_triangle_lava_temple
Ossuary:  ossuary_minmay_tomb_2a
